 Dungeon Crawl Stone Soup version 0.18-a0-1203-gbde16db (webtiles) character file.

8780 krabocopter the Blocker (level 11, -14/85 HPs)
             Began as a Minotaur Fighter on Jan 31, 2016.
             Was a High Priest of Okawaru.
             Demolished by an ice devil (19 damage)
             ... summoned by a kobold demonologist
             ... on level 11 of the Dungeon.
             The game lasted 00:34:27 (8643 turns).

krabocopter the Blocker (Minotaur Fighter)          Turns: 8643, Time: 00:34:27

Health: -14/85     AC:  0    Str: 22    XL:     11   Next: 14%
Magic:  4/10       EV: 14    Int:  5    God:    Okawaru [*****.]
Gold:   602        SH: 13    Dex: 15    Spells: 0 memorised, 10 levels left

rFire  . . .     SeeInvis .     C - +2 hand axe (flame)
rCold  . . .     Gourm    .     r - +3 leather armour
rNeg   + . .     Faith    .     c - +0 shield
rPois  .         Spirit   .     (helmet restricted)
rElec  .         Dismiss  .     s - +1 cloak {+Inv}
rCorr  .         Reflect  .     (no gloves)
SustAt .         Harm     .     B - -1 pair of boots "Moul" {+Inv Dex+4}
MR     +....                    y - amulet of regeneration
Stlth  ++........               t - ring of positive energy
                                O - ring of stealth

@: corroded equipment, somewhat resistant to hostile enchantments, unstealthy
A: retaliatory headbutt, fangs 1, horns 2, icy blue scales 1, rough black scales
1, blurry vision 1, magic resistance 1
a: Heroism, Finesse, Renounce Religion, Evoke Invisibility


You were on level 11 of the Dungeon.
You worshipped Okawaru.
Okawaru was extremely pleased with you.
You were not hungry.

You visited 2 branches of the dungeon, and saw 12 of its levels.

You collected 602 gold pieces.

Inventory:

Hand Weapons
 u - a +3 flail
 C - a +2 hand axe of flaming (weapon)
 G - a +0 scimitar of flaming
 P - the +3 spear "Nifuitto" {venom, rElec rC+ Int+3}
   (You found it on level 8 of the Dungeon)

   It poisons the flesh of those it strikes.
   It affects your intelligence (+3).
   It protects you from cold.
   It insulates you from electricity.
Armour
 c - a +0 shield (worn)
 r - a +3 leather armour (worn)
 s - a +1 cloak of invisibility (worn)
 B - the -1 pair of boots "Moul" (worn) {+Inv Dex+4}
   (You found it on level 9 of the Dungeon)

   It affects your dexterity (+4).
   It lets you turn invisible.
Jewellery
 k - an uncursed ring of fire
 p - an uncursed ring of wizardry {unknown}
 t - a ring of positive energy (right hand)
 y - an amulet of regeneration (around neck)
 O - a ring of stealth (left hand)
 Q - an uncursed ring of flight
Wands
 l - a wand of draining (6/15)
 q - a wand of digging (14/24)
 K - a wand of confusion (19/48)
Scrolls
 a - a scroll of magic mapping
 b - 2 scrolls of summoning {unknown}
 i - 9 scrolls of identify
 o - 12 scrolls of teleportation
 w - a scroll of fog
 D - 3 scrolls of fear
 H - a scroll of enchant weapon
 L - a scroll of acquirement
 M - 3 scrolls of remove curse
 S - a scroll of blinking
 T - a scroll of silence {unknown}
Potions
 d - a potion of might
 e - 2 potions of heal wounds
 h - 2 potions of curing
 m - 2 potions of berserk rage {unknown}
 n - 3 potions of brilliance {unknown}
 v - 3 potions of magic {unknown}
 z - a potion of lignification {unknown}
 A - a potion of flight {unknown}
 F - a potion of ambrosia {unknown}
Books
 E - a book of the Tempests

   Spells                             Type                      Level
   a - Static Discharge               Conjuration/Air              3
   b - Lightning Bolt                 Conjuration/Air              5
   c - Fireball                       Conjuration/Fire             5
   d - Tornado                        Air                          9
   e - Shatter                        Earth                        9
 R - a book of Conjurations

   Spells                             Type                      Level
   a - Magic Dart                     Conjuration                  1
   b - Searing Ray                    Conjuration                  2
   c - Dazzling Spray                 Conjuration/Hexes            3
   d - Fulminant Prism                Conjuration/Hexes            4
   e - Iskenderun's Mystic Blast      Conjuration                  4
   f - Iskenderun's Battlesphere      Conjuration/Charms           5
Comestibles
 f - 11 bread rations
 g - 6 fruits
 j - 8 slices of pizza
 x - a royal jelly
 I - a chunk of flesh
 J - 2 meat rations


   Skills:
 - Level 4.7 Fighting
 - Level 9.1(10.6) Axes
 + Level 8.8(10.4) Polearms
 - Level 10.1 Armour
 - Level 5.5 Dodging
 + Level 12.1 Shields


You had 10 spell levels left.
You didn't know any spells.

Dungeon Overview and Level Annotations

Branches:
Dungeon (11/15)            Temple (1/1) D:4            Lair (0/8) D:10
    Orc: D:9-12

Altars:
Ashenzari
Cheibriados
Dithmenos
Elyvilon
Fedhas
Gozag
Kikubaaqudgha
Makhleb
Nemelex Xobeh
Okawaru
Pakellas
Qazlal
Ru
Sif Muna
Trog
Vehumet
Xom
Yredelemnul
Zin
The Shining One

Shops:
D:9 *


Innate Abilities, Weirdness & Mutations

You reflexively headbutt those who attack you in melee.
You have a pair of horns on your head.
You have very sharp teeth.
You are partially covered in icy blue scales (AC +1).
You are partially covered in rough black scales (AC +4, Dex -1).
Scrolls take you a little longer to read.
You are resistant to hostile enchantments.


Message History

The ice devil hits you! The ice devil freezes you!!
* * * LOW HITPOINT WARNING * * *
You hit the ice devil but do no damage.
You headbutt the ice devil, but do no damage.
The ice devil is lightly wounded.
The neqoxec gestures.
You barely miss the ice devil.
The ice devil is lightly wounded.
The ice devil misses you. You furiously retaliate!
You headbutt the ice devil, but do no damage.
Okay, then.
Press: ? - help, v - describe, . - travel
Here: an ice devil (lightly wounded, summoned)
The floor.
Drink which item? (? for menu, Esc to quit)
Okay, then.
You fail to use your ability.
The ice devil hits you!
* * * LOW HITPOINT WARNING * * *
The ice devil freezes you!!
You die...

####### #....5.
############ +......###
#..........#
#....5>3K#####..........#
#.....(#44@.##..........#
#......####..#..........#
#...... ##.'..........#
#...... ###..........#
###+### #..........#
#..........# #..........#
###....##### #####.###


You could see an ice devil, a rust devil, a kobold demonologist, a neqoxec and 2
iron imps.

Vanquished Creatures
  A hydra (D:11)
  Erica (D:9)
  Pikel (D:7)
  Prince Ribbit (D:6)
  A troll (D:9)
  Grinder (D:3)
  A wyvern (D:10)
  3 yaks (D:10)
  A basilisk (D:10)
  4 fire bats (D:9)
  A hippogriff (D:10)
  A hell hound (D:9)
  5 porcupines (D:10)
  3 water moccasins
  5 orc warriors
  4 sky beasts
  An ice beast (D:5)
  2 phantoms
  3 ogres
  An eye of draining (D:11)
  A necrophage (D:8)
  2 centaurs
  2 crocodiles
  5 giant frogs
  A wyvern zombie (D:10)
  A water moccasin skeleton (D:5)
  A giant frog zombie (D:5)
  4 crimson imps
  2 lava snakes (D:9)
  2 centaur zombies
  4 giant frog skeletons
  2 jellies
  5 orc priests
  3 hounds
  Crazy Yiuf (D:3)
  2 centaur skeletons
  Natasha (thrice) (D:3)
  2 iguanas
  6 orc wizards
  10 worker ants
  6 sheep (D:10)
  2 hound skeletons
  A worker ant zombie (D:8)
  4 river rats (D:10)
  11 adders
  7 gnolls
  A shadow imp (D:8)
  An ooze (D:6)
  2 adder zombies (D:6)
  3 adder skeletons
  2 worms
  8 giant geckos
  36 orcs
  2 ball pythons
  5 giant cockroaches
  17 goblins
  5 hobgoblins
  2 jackals (D:1)
  2 quokkas
  6 bats
  A giant gecko skeleton (D:6)
  3 giant newts (D:4)
  A jackal zombie (D:5)
  15 kobolds
  A quokka zombie (D:5)
  7 rats
  A fire vortex (D:9)
252 creatures vanquished.

Vanquished Creatures (others)
  A fire vortex (D:9)
  A fungus (D:10)
2 creatures vanquished.

Grand Total: 254 creatures vanquished

Notes
Turn   | Place    | Note
--------------------------------------------------------------
     0 | D:1      | krabocopter the Minotaur Fighter began the quest for the Orb.
     0 | D:1      | Reached XP level 1. HP: 19/19 MP: 0/0
   270 | D:1      | Reached XP level 2. HP: 26/26 MP: 1/1
   614 | D:2      | Reached skill level 4 in Axes
   702 | D:2      | Reached XP level 3. HP: 25/31 MP: 2/2
  1179 | D:2      | Reached skill level 5 in Axes
  1193 | D:2      | Reached XP level 4. HP: 20/39 MP: 3/3
  1597 | D:3      | Reached skill level 6 in Axes
  1785 | D:3      | Noticed Natasha
  1788 | D:3      | Killed Natasha
  1788 | D:3      | Reached XP level 5. HP: 43/45 MP: 4/4
  1795 | D:3      | Noticed Grinder
  1805 | D:3      | Paralysed by Grinder for 4 turns
  1810 | D:3      | Killed Grinder
  1810 | D:3      | Reached skill level 8 in Axes
  1810 | D:3      | Reached XP level 6. HP: 35/51 MP: 5/5
  2085 | D:3      | Noticed Natasha
  2096 | D:3      | HP: 1/51 [crimson imp[Natasha] (4)]
  2103 | D:3      | Killed Natasha
  2180 | D:3      | Reached skill level 9 in Axes
  2390 | D:3      | Found an opulent altar of Gozag.
  2508 | D:3      | Noticed Natasha
  2519 | D:3      | Killed Natasha
  2595 | D:3      | Noticed Crazy Yiuf
  2602 | D:3      | Killed Crazy Yiuf
  2602 | D:3      | Reached XP level 7. HP: 52/57 MP: 6/6
  3311 | D:4      | Reached skill level 5 in Armour
  3341 | D:4      | Reached skill level 5 in Shields
  3622 | D:4      | Found a staircase to the Ecumenical Temple.
  3628 | Temple   | Entered the Ecumenical Temple
  3640 | Temple   | Became a worshipper of Warmaster Okawaru
  3768 | D:4      | Found a glowing golden altar of the Shining One.
  3976 | D:5      | Entered Level 5 of the Dungeon
  4170 | D:5      | Reached XP level 8. HP: 64/64 MP: 7/7
  4214 | D:5      | Found a basalt altar of Yredelemnul.
  4314 | D:5      | Found an ancient bone altar of Kikubaaqudgha.
  4499 | D:5      | Found a shadowy altar of Dithmenos.
  5074 | D:6      | Reached * piety under Okawaru
  5227 | D:6      | Noticed Prince Ribbit
  5741 | D:6      | Killed Prince Ribbit
  5741 | D:6      | Reached ** piety under Okawaru
  5741 | D:6      | Reached XP level 9. HP: 43/70 MP: 8/8
  5824 | D:6      | Gained mutation: You are resistant to hostile enchantments. [mutagenic meat]
  5825 | D:6      | Gained mutation: You have very sharp teeth. [mutagenic meat]
  6036 | D:6      | Gained mutation: You are partially covered in icy blue scales (AC +1). [mutagenic meat]
  6037 | D:6      | Gained mutation: You are partially covered in rough black scales (AC +4, Dex -1). [mutagenic meat]
  6120 | D:7      | Noticed Pikel
  6150 | D:7      | Killed Pikel
  6150 | D:7      | Reached *** piety under Okawaru
  6183 | D:7      | Reached skill level 10 in Armour
  6260 | D:7      | Reached skill level 10 in Shields
  6348 | D:7      | Reached skill level 1 in Dodging
  6843 | D:8      | Identified 2 scrolls of acquirement
  6882 | D:8      | Got a dazzling spear
  6888 | D:8      | Identified the cursed +3 spear "Nifuitto" {venom, rElec rC+ Int+3} (You found it on level 8 of the Dungeon)
  6932 | D:8      | Reached skill level 1 in Polearms
  6938 | D:8      | Gained mutation: Scrolls take you a little longer to read. [mutagenic meat]
  7269 | D:9      | Found Vesaozunt's General Store.
  7279 | D:9      | Reached **** piety under Okawaru
  7279 | D:9      | Reached XP level 10. HP: 80/80 MP: 9/9
  7300 | D:9      | Noticed Erica
  7323 | D:9      | Killed Erica
  7323 | D:9      | Received a gift from Okawaru
  7323 | D:9      | Reached skill level 5 in Dodging
  7455 | D:9      | Reached skill level 5 in Polearms
  7727 | D:9      | Reached ***** piety under Okawaru
  7759 | D:9      | Got a pair of warped boots
  7770 | D:9      | Identified the -1 pair of boots "Moul" {+Inv Dex+4} (You found it on level 9 of the Dungeon)
  7888 | D:10     | Entered Level 10 of the Dungeon
  8088 | D:10     | Found a staircase to the Lair.
  8106 | D:10     | Reached skill level 11 in Shields
  8324 | D:10     | Reached XP level 11. HP: 73/85 MP: 10/10
  8516 | D:11     | Noticed a four-headed hydra
  8530 | D:11     | Killed a one-headed hydra
  8530 | D:11     | Reached skill level 12 in Shields
  8643 | D:11     | Demolished by an ice devil

Vault maps used:
D:1:      minmay_arrival_split_and_join
D:2:      kennysheep_the_goblin_king
D:3:      nicolae_overflow_hidden_temple, serial_aquarium,
          aquarium_bridge_straight, aquarium_window_corridor_3,
          aquarium_window_fake, aquarium_view_2c, aquarium_view_2e,
          corexii_corridor_pit, uniq_natasha, uniq_crazy_yiuf_cottage,
          uniq_grinder
D:4:      overflow_temple_1_default, temple_green, minmay_lizard_king
D:5:      kiku_gazebo_pond_becter, old_standard_altar, first_bread,
          grunt_dithmenos_smoke
D:6:      uniq_prince_ribbit1
D:7:      uniq_pikel
D:8:      grunt_pizzeria
D:9:      serial_shops, shop, hangedman_incinerator, uniq_erica
D:10:     minmay_lair_entry_grove
Temple:   lightli_temple_of_artemis

Action                   |  1- 3 |  4- 6 |  7- 9 | 10-12 || total
-------------------------+-------+-------+-------+-------++-------
Melee: War axe           |    92 |    98 |       |       ||   190
       Mace              |       |       |   535 |       ||   535
       Spear             |       |       |    47 |   278 ||   325
       Hand axe          |       |       |       |    23 ||    23
  Use: Scroll            |       |     4 |     8 |     3 ||    15
       Potion            |       |     3 |       |       ||     3
 Stab: Sleeping          |       |       |       |     3 ||     3
  Eat: Chunk             |     1 |     5 |    21 |     4 ||    31
